 Dungeon Crawl Stone Soup version 0.22-a0-469-gf26638a (webtiles) character file.

0 DrEnzyme the Shooter (level 1, 0/11 HPs)
             Began as an Octopode Wanderer on June 11, 2018.
             Slain by a bat (1 damage)
             ... on level 1 of the Dungeon.
             The game lasted 00:00:47 (88 turns).

DrEnzyme the Shooter (Octopode Wanderer)              Turns: 88, Time: 00:00:48

Health: 0/11       AC:  1    Str: 13    XL:     1   Next: 10%
Magic:  3/3        EV:  9    Int: 14    God:
Gold:   26         SH:  7    Dex:  9    Spells: 4/4 levels left

rFire    . . .     SeeInvis .   a - +0 club
rCold    . . .     Gourm    .   d - +0 shield
rNeg     . . .     Faith    .   (helmet restricted)
rPois    .         Spirit   .   (no amulet)
rElec    .         Reflect  .   (no ring)
rCorr    .         Harm     .   (no ring)
MR       .....                  (no ring)
Stlth    ++........             (no ring)
HPRegen  0.03/turn              (no ring)
MPRegen  0.08/turn              (no ring)
                                (no ring)
                                (no ring)

@: no status effects
A: almost no armour, stealthy swim, amphibious, 8 rings, constrict 8, camouflage
1, gelatinous body 1
a: no special abilities


You were on level 1 of the Dungeon.
You were not hungry.

You visited 1 branch of the dungeon, and saw 1 of its levels.

You collected 26 gold pieces.

Inventory:

Hand Weapons
 a - a +0 club (weapon)
Armour
 d - a +0 shield (worn)
Scrolls
 b - a scroll of remove curse {unknown}
Comestibles
 f - a ration


   Skills:
 + Level 0.0 Fighting
   Level 5.0 Bows
 + Level 2.0 Shields
 + Level 0.0 Unarmed Combat
 - Level 2.0 Spellcasting
   Level 1.0 Translocations


You had 4 spell levels left.
You didn't know any spells.
Your spell library contained the following spells:

 Spells                   Type           Power        Failure   Level  Hunger
 Apportation              Tloc           #.....       63%         1    ##.....
 Sublimation of Blood     Necr           #.........   88%         2    ###....
 Corpse Rot               Necr           N/A          88%         2    ###....
 Lesser Beckoning         Tloc           #.........   94%         3    ####...


Dungeon Overview and Level Annotations

Branches:
Dungeon (1/15)

Altars:


Innate Abilities, Weirdness & Mutations

You cannot wear most types of armour.
You are very stealthy in the water. (Stealth+)
You are amphibious.
You can wear up to eight rings at the same time.
You can use your tentacles to constrict eight enemies at once.
Your skin changes colour to match your surroundings (Stealth+).
Your rubbery body absorbs attacks. (AC +1, EV +1)


Message History

You are too injured to fight recklessly!
You are too injured to fight recklessly!
You are too injured to fight recklessly!
You are too injured to fight recklessly!
You are too injured to fight recklessly!
You are too injured to fight recklessly!
You are too injured to fight recklessly!
You are too injured to fight recklessly!
You are too injured to fight recklessly!
You are too injured to fight recklessly!
You are too injured to fight recklessly!
You are too injured to fight recklessly!
You are too injured to fight recklessly!
You are too injured to fight recklessly!
You hit the bat but do no damage. Your grab misses the bat.
The bat barely misses you. x2; You block the bat's attack.
The bat hits you.
* * * LOW HITPOINT WARNING * * *
The bat hits you.
You die...

#.....####....####.#
##............####.#
#............#....#
##..........#####.#
##........## #.#
###....### #.#
###### ####.# #....#
#@######
########b##..$#
.......#b...###
##...%......#
.....b..#####
###.....#
........###
..........#
.......#....#


You could see 2 bats.

Vanquished Creatures
  A frilled lizard (D:1)
1 creature vanquished.

Notes
Turn   | Place    | Note
-------+----------+-------------------------------------------
     0 | D:1      | DrEnzyme the Octopode Wanderer began the quest for the Orb.
     0 | D:1      | DrEnzyme set off with: a +0 shield, a +0 club, a ration
     0 | D:1      | Reached XP level 1. HP: 11/11 MP: 3/3
    88 | D:1      | Slain by a bat

Vault maps used:
D:1:      minmay_arrival_loop

Action                   || total
-------------------------++-------
Melee: Club              ||     9
       Constrict         ||     2
 Stab: Sleeping          ||     1
Armor: Skin              ||     6
Dodge: Dodged            ||    16
Block: Shield            ||    16

Table legend:
 A = Spawn XP
 B = Non-spawn XP
 C = Spawn XP percentage of total XP
 D = Spawn monster count
 E = Non-spawn monster count
 F = Spawn count percentage of total count
 G = Total turns spent on level
                    A         B        C        D         E        F      G
               +---------+---------+-------+---------+---------+-------+---------
         Total |       0 |       1 |   0.0 |       0 |       1 |   0.0 |    88
               +---------+---------+-------+---------+---------+-------+---------
           D:1 |       0 |       1 |   0.0 |       0 |       1 |   0.0 |    88
               +---------+---------+-------+---------+---------+-------+---------
